AoeStats
← ySmplePat_

Arabia

510134975Analyzed
1v1 RM · 3d ago on Sep 29, 2026· 35m 29s· 2 players
Game mode
Random Map
Map size
Tiny (2 player)
Population
200
Speed
Normal
Resources
Standard
Victory
Conquest
Starting age
Dark Age
Ending age
Imperial Age
RankedLock teamsTeams togetherTeam positionsShared explorationLock speedFull tech treeHidden civsTurbo modeCheats
Victory
Defeat
🇩🇪 Poles · Germany
1273
+15
🇹🇷 Vietnamese · Türkiye
1255
-15
aimLess bro
9:17 Loom
11:33 Feudal Age
12:22 Double-Bit Axe
12:18 Horse Collar
13:00 Man-at-Arms
21:45 Forging
22:52 Scale Mail Armor
27:00 Castle Age
25:49 Fletching
26:00 Stone Mining
26:23 Scale Barding Armor
27:11 Arson
28:21 Long Swordsman
30:05 Gold Mining
33:01 Pikeman
ySmplePat_
6:36 Loom
9:20 Feudal Age
9:47 Double-Bit Axe
9:43 Horse Collar
23:03 Castle Age
22:59 Bloodlines
23:02 Forging
24:13 Bow Saw
24:04 Heavy Plow
27:49 Wheelbarrow
27:09 Gold Mining
28:42 Szlachta Privileges
28:52 Husbandry
28:59 Scale Barding Armor
29:31 Iron Casting
30:25 Hand Cart
29:56 Town Watch
30:56 Town Patrol
31:21 Chain Barding Armor
32:29 Scale Mail Armor
33:52 Arson
Connection lost

Rejoining the realm…

Still unreachable

The connection could not be restored.

Session expired

The server has moved on; the page needs a fresh start.